 Dungeon Crawl Stone Soup version bcrawl-1.31 (webtiles) character file.

Game seed: 12096382523763369267

576319 yrara the Brawler (level 15, -2/126 HPs)
             Began as a Demonspawn Fighter on Apr 8, 2021.
             Was an Initiate of Gozag.
             Slain by a fire crab (glowing shapeshifter) (7 damage)
             ... on level 12 of the Dungeon.
             The game lasted 00:27:17 (21327 turns).

yrara the Brawler (Demonspawn Fighter)             Turns: 21327, Time: 00:27:17

Health: -2/126     AC: 16    Str: 28    XL:     15   Next: 87%
Magic:  15/15      EV: 22    Int: 15    God:    Gozag
Gold:   458        SH:  0    Dex: 20    Spells: 14/14 levels left

rFire    . . .     SeeInvis .     - Claws (50.5)
rCold    + + +     Gourm    .   (no shield)
rNeg     + . .     Faith    .   D - +0 plate armour
rPois    .         Spirit   .   u - +2 hat
rElec    .         Reflect  .   K - scarf {clouds}
rCorr    .         Harm     .   (gloves unavailable)
MR       +....                  (no boots)
Stlth    ..........             p - amulet of the acrobat
HPRegen  0.31/turn              h - +5 ring of dexterity
MPRegen  0.14/turn              H - ring of the Evil One {*Contam rC+ rN+ Str+7 Int+6}

@: lethally poisoned (-2 -> -7), gold aura, slowed, very slow
A: antennae 2, claws 3, fangs 1, talons 1, cold resistance 2, powered by death
2, robust 1, augmentation 1, freezing cloud immunity
a: Potion Petition, Call Merchant, Bribe Branch, Renounce Religion, Evoke Fog


You were on level 12 of the Dungeon.
You worshipped Gozag.
Gozag was aware of your devotion.
You were very hungry.

You visited 3 branches of the dungeon, and saw 19 of its levels.
You also visited: Bailey.

You collected 8551 gold pieces.
You spent 2080 gold pieces at shops.
You paid 6013 gold pieces to Gozag.

Inventory:

Hand Weapons
 a - a +9 longbow of velocity
Missiles
 k - 2207 arrows
Armour
 c - a +0 medium shield
 f - a +2 cloak of poison resistance
 u - a +2 hat (worn)
 D - a +0 plate armour (worn)
 K - a scarf of clouds (worn)
Jewellery
 h - a +5 ring of dexterity (left claw)
 p - an amulet of the acrobat (around neck)
 C - the ring "Ydosymn" {+Fly Str+2}
   (You found it in a bailey)

   [ring of flight]

   It affects your strength (+2).
   It lets you fly.
 E - the cursed ring of Otuwoz {Fire Slay+3}
   (You bought it in a shop on level 12 of the Dungeon)

   [ring of fire]

   It enhances your fire magic.
   It affects your accuracy and damage with ranged weapons and melee attacks
   (+3).
   It protects you from fire.
   It makes you vulnerable to cold.
   It has a curse placed upon it.
 G - an uncursed ring of protection from magic
 H - the ring of the Evil One (right claw) {*Contam rC+ rN+ Str+7 Int+6}
   (You bought it in a shop on level 1 of the Lair of Beasts)

   [ring of intelligence]

   It affects your strength (+7).
   It affects your intelligence (+6).
   It protects you from cold.
   It protects you from negative energy.
   It causes magical contamination when unequipped.
Wands
 q - a wand of enslavement (8)
 v - a wand of acid (8)
 x - a wand of polymorph (43)
 F - a wand of flame (28)
 J - a wand of disintegration (16)
 L - a wand of paralysis (12)
 N - a wand of iceblast (9)
 P - a wand of digging (7)
Scrolls
 b - 4 scrolls of fog
 i - 7 scrolls of identify
 j - 13 scrolls of remove curse
 l - a scroll of enchant armour
 y - 2 scrolls of enchant weapon
 A - 2 scrolls of fear
 I - 2 scrolls of magic mapping
Potions
 d - a potion of might
 g - 4 potions of agility
 m - a potion of resistance
 n - 2 potions of haste
 o - 4 potions of flight
 r - 3 potions of magic
 s - a potion of cancellation
 t - 5 potions of heal wounds
 w - 5 potions of lignification
 z - 7 potions of curing
 B - 3 potions of brilliance
Miscellaneous
 M - a phial of floods
 O - a lamp of fire
Comestibles
 e - 19 rations {!d}


   Skills:
 + Level 9.9 Fighting
   Level 2.1 Maces & Flails
 * Level 8.9 Bows
 + Level 9.1 Armour
 - Level 2.6 Shields
 * Level 20.2 Unarmed Combat


You had 14 spell levels left.
You didn't know any spells.
Your spell library contained the following spells:

 Spells                   Type           Power        Failure   Level  Hunger
 Summon Small Mammal      Summ           #...         93%         1    None
 Call Imp                 Summ           #.....       98%         2    ####...
 Call Canine Familiar     Summ           #.......     100%        3    #####..
 Confuse                  Hex            #.......     100%        3    #####..
 Dazzling Orbs            Conj/Hex       #......      100%        3    #####..
 Petrify                  Tmut/Erth      #.........   100%        4    ######.
 Summon Ice Beast         Ice/Summ       #.......     100%        4    ######.
 Yara's Violent Unravell  Hex/Tmut       #.........   100%        4    ######.
 Metabolic Englaciation   Hex/Ice        #.........   100%        5    #######
 Summon Lightning Spire   Summ/Air       #.......     100%        5    #######
 Mana Rupture             Conj/Hex       #.........   100%        7    #######


Dungeon Overview and Level Annotations

Branches:
Dungeon (12/12)            Temple (0/1) D:7            Lair (6/6) D:7
 Shoals (0/3) Lair:3        Snake (0/3) Lair:4        Slime (0/5) Lair:5
    Orc (1/1) D:11            Elf (0/3) Orc          Vaults (0/3) D:11
 Depths: D:12

Altars:
Ashenzari
Dithmenos
Elyvilon
Gozag
Makhleb
Nemelex Xobeh
Qazlal
Sif Muna
Wu Jian
Xom
Yredelemnul
Zin
The Shining One
Jiyva

Shops:
D:7 =*![   D:8 [   D:11 [[   D:12 *=   Orc ?(!}   Lair:1 =   Lair:5 ?

Portals:
Pandemonium: Orc

Annotations:
D:11 1 runed translucent door
Lair:4 3 runed translucent doors, Winsalot's ghost, journeyman OnCj; yrara's ghost, journeyman DsFi
Lair:5 exclusion: 2 downstairs


Innate Abilities, Weirdness & Mutations

You have a pair of antennae on your head.
You have claws for hands.
You have sharp toenails.
Your flesh is very cold resistant. (rC++)
You regenerate health from kills.
Your magical and physical power is slightly enhanced at high health.
You are immune to freezing clouds.
You have very sharp teeth.
You are robust. (+10% HP)


Message History

The ogre mage hits you but does no damage.
The fire crab completely misses you. The fire crab misses you.
The ice beast completely misses you.
Items here: $ ( ))) [[ The ogre mage gestures wildly while chanting.
The ogre mage goads the fire crab on!
The fire crab goes berserk!
The ogre mage goads the ice beast on!
The ice beast goes berserk!
The fire crab barely misses you. The fire crab claws you.
You are engulfed in flames!
The ice beast misses you.
The deep elf mage gestures wildly while chanting.
The deep elf mage blinks!
The ogre mage gestures at you while chanting.
You are poisoned.
The poison arrow hits you!!
* * * LOW HITPOINT WARNING * * *
* * * LOW HITPOINT WARNING * * *
You feel sick. The ice beast misses you. The fire crab completely misses you.
The fire crab claws you!
You die...
Your body crumbles into a pile of gold.

.#. #.....#.......# #
#...# #.....#.......# #
#.....#.....#.......# #
..#.......'.......####
####.###....#...........
....#...#####...........
........######..........
.##.#.ยง.Oe...#...####...
# ##.@tY...#...# #...
#.#Y$...#...# #...
#.#.....#...####...
..#..##.#..........
+###### .######..... .
#..... .. #.#### .. #.#
... #.####


You could see an ogre mage, a fire crab shaped shifter (berserk), a deep elf
mage and 2 ice beasts.

Vanquished Creatures
  Saint Roka (Orc)
  Kirke (Lair:3)
  2 entropy weavers (Lair:6)
  Snorg (D:11)
  Erolcha (D:11)
  A fire dragon (Lair:6)
  14 hydras
  2 catoblepae
  A centaur warrior (D:11)
  Erica (D:10)
  3 death yaks (Lair:4)
  A queen ant (Lair:6)
  The ghost of yrara the Martial Artist, a novice DsFi of Gozag (D:9)
  3 two-headed ogres
  3 tengu warriors
  5 orc high priests (Orc)
  2 soul eaters (Orc)
  A skeletal warrior (D:8)
  A sixfirhy (Orc)
  2 torturous demonspawn (Orc)
  A deep elf archer (D:12)
  A wolf spider zombie (D:8)
  A lindwurm (Lair:6)
  A cyclops (D:11)
  Pikel (D:6)
  5 orc knights
  An orb spider (shapeshifter) (D:11)
  8 orc sorcerers
  An ugly thing (D:12)
  3 manticores
  A centaur zombie (D:11)
  16 elephants
  A rust devil (Orc)
  10 black mambas
  2 molten gargoyles (Lair:6)
  2 torpor snails
  A centaur skeleton (D:11)
  9 cane toads
  A smoke demon (Orc)
  7 rime drakes
  16 komodo dragons
  A queen bee (Lair:5)
  3 trolls
  Maurice (Orc)
  3 meliai (D:11)
  19 blink frogs
  11 hippogriffs
  10 slime creatures
  A dream sheep (Lair:5)
  A meliai zombie (D:11)
  5 wyverns
  3 shadows
  6 hogs
  A human (D:10)
  A hungry ghost (D:7)
  3 fire bats (Lair:6)
  50 yaks
  A wraith (D:11)
  6 basilisks
  Menkaure (D:6)
  3 steam dragons
  3 wargs (D:7)
  2 nagas (Lair:4)
  2 acid dragons (D:11)
  17 crocodiles
  6 soldier ants
  10 water moccasins
  7 porcupines
  4 hell hounds (Lair:6)
  A swamp drake (D:11)
  A hornet zombie (D:11)
  35 orc warriors
  A necrophage (D:5)
  3 ice beasts
  4 sky beasts
  A black bear (D:6)
  A phantom (D:6)
  9 ogres
  29 wolves
  5 centaurs
  14 bullfrogs
  A big kobold (D:8)
  A wyvern zombie (D:9)
  3 scorpions
  22 killer bees (Lair:5)
  6 howler monkeys
  7 wights
  5 crimson imps
  A bullfrog zombie (D:8)
  6 lava snakes (Lair:6)
  A jelly (D:6)
  11 hounds
  Crazy Yiuf (D:2)
  A bullfrog skeleton (D:5)
  25 orc priests
  A gnoll shaman (D:6)
  24 orc wizards
  4 iguanas
  2 hell rats (Lair:5)
  16 worker ants
  2 hound zombies
  2 hound skeletons
  13 gnolls
  A worker ant zombie (D:6)
  8 adders
  4 shadow imps
  2 oozes
  An adder zombie (D:5)
  A worm (D:2)
  3 dart slugs
  7 leopard geckos
  103 orcs
  4 giant cockroaches
  3 goblins
  16 hobgoblins
  6 jackals (D:2)
  26 kobolds
  4 quokkas
  A ball python (D:3)
  13 bats
  5 frilled lizards
  A jackal skeleton (D:5)
  8 rats
  A fungus (D:2)
794 creatures vanquished.

Vanquished Creatures (others)
  A merfolk siren (Lair:3)
  A cane toad (Lair:6)
  A worker ant (Lair:6)
  An adder (D:6)
  12 fungi
  78 plants
94 creatures vanquished.

Grand Total: 888 creatures vanquished

Notes
Turn   | Place    | Note
-------+----------+-------------------------------------------
     0 | D:1      | yrara the Demonspawn Fighter began the quest for the Orb.
     0 | D:1      | Reached XP level 1. HP: 18/18 MP: 1/1
   120 | D:1      | Gained mutation: You have sharp fingernails. [demonic
                  | ancestry]
   120 | D:1      | Reached XP level 2. HP: 13/24 MP: 2/2
   333 | D:1      | Reached skill level 1 in Unarmed Combat
   634 | D:2      | Reached XP level 3. HP: 23/29 MP: 3/3
   740 | D:2      | Reached skill level 2 in Unarmed Combat
  1257 | D:2      | Gained mutation: You have a pair of small antennae on your
                  | head. [demonic ancestry]
  1257 | D:2      | Reached XP level 4. HP: 24/35 MP: 4/4
  1381 | D:2      | Reached skill level 3 in Unarmed Combat
  1645 | D:2      | Found a burning altar of Makhleb.
  1832 | D:2      | Found a runed door.
  1836 | D:2      | Noticed Crazy Yiuf
  1842 | D:2      | Killed Crazy Yiuf
  1974 | D:2      | Reached skill level 4 in Unarmed Combat
  1974 | D:2      | Gained mutation: You have very sharp fingernails. [demonic
                  | ancestry]
  1974 | D:2      | Reached XP level 5. HP: 20/41 MP: 5/5
  2162 | D:3      | HP: 1/41 [gnoll/+0 halberd (4)]
  2336 | D:3      | Noticed a centaur
  2345 | D:3      | Killed a centaur
  2346 | D:3      | Reached skill level 5 in Unarmed Combat
  2346 | D:3      | Gained mutation: Your flesh is cold resistant. (rC+)
                  | [demonic ancestry]
  2346 | D:3      | Reached XP level 6. HP: 22/47 MP: 6/6
  2504 | D:3      | Found a sparkling altar of Nemelex Xobeh.
  2895 | D:3      | Found a shadowy altar of Dithmenos.
  2931 | D:3      | Found a shimmering altar of Xom.
  2945 | D:3      | Noticed a sky beast
  2956 | D:3      | Killed a sky beast
  2957 | D:3      | Reached skill level 6 in Unarmed Combat
  2988 | D:3      | Gained mutation: You are weak. (Str -2) [potion of
                  | mutation]
  2988 | D:3      | Gained mutation: Your natural rate of healing is unusually
                  | fast. [potion of mutation]
  3028 | D:4      | Reached XP level 7. HP: 49/52 MP: 7/7
  3205 | D:4      | Reached skill level 7 in Unarmed Combat
  3610 | D:4      | Found a glowing golden altar of the Shining One.
  3611 | D:4      | Found a white marble altar of Elyvilon.
  3613 | D:4      | Found a glowing silver altar of Zin.
  3703 | D:4      | Found a shattered altar of Ashenzari.
  4125 | D:5      | Entered Level 5 of the Dungeon
  4139 | D:5      | Reached skill level 8 in Unarmed Combat
  4165 | D:5      | Gained mutation: You have a pair of antennae on your head.
                  | [demonic ancestry]
  4165 | D:5      | Reached XP level 8. HP: 58/58 MP: 8/8
  4489 | D:5      | Reached skill level 9 in Unarmed Combat
  4802 | D:5      | Reached skill level 1 in Bows
  4904 | D:6      | Found an opulent altar of Gozag.
  4927 | D:6      | Became a worshipper of Gozag Ym Sagoz the Greedy
  5006 | D:6      | Noticed Menkaure
  5013 | D:6      | Killed Menkaure
  5045 | D:6      | Gained mutation: You have sharp toenails. [demonic
                  | ancestry]
  5045 | D:6      | Reached XP level 9. HP: 51/65 MP: 9/9
  5185 | D:6      | Noticed Pikel
  5195 | D:6      | Killed Pikel
  5196 | D:6      | Reached skill level 10 in Unarmed Combat
  5513 | D:6      | Found a shimmering blue altar of Sif Muna.
  5917 | D:7      | Found a staircase to the Lair.
  5924 | D:7      | Reached skill level 5 in Fighting
  5970 | D:7      | Reached XP level 10. HP: 32/74 MP: 10/10
  5983 | D:7      | Reached skill level 5 in Armour
  6128 | D:7      | Reached skill level 11 in Unarmed Combat
  6282 | D:7      | Found a flagged portal.
  6382 | Bailey   | Entered a bailey
  6427 | Bailey   | Got the ring "Ydosymn" {+Fly}
  6992 | D:7      | Found a staircase to the Ecumenical Temple.
  7369 | D:7      | Identified the ring "Ydosymn" {+Fly Str+2} (You found it in
                  | a bailey)
  7426 | Lair:1   | Entered Level 1 of the Lair of Beasts
  7426 | Lair:1   | Noticed a black mamba
  7436 | D:7      | Killed a black mamba
  7441 | D:7      | Bought a scroll of identify for 70 gold pieces
  7545 | Lair:1   | Noticed a four-headed hydra
  7559 | Lair:1   | Noticed a black mamba
  7561 | Lair:1   | Killed a four-headed hydra
  7562 | Lair:1   | Reached skill level 5 in Bows
  7568 | Lair:1   | Killed a black mamba
  7589 | Lair:1   | Gained mutation: You regenerate a little health from kills.
                  | [demonic ancestry]
  7589 | Lair:1   | Reached XP level 11. HP: 40/83 MP: 11/11
  7660 | Lair:1   | Reached skill level 12 in Unarmed Combat
  7895 | Lair:1   | Noticed a seven-headed hydra
  7920 | Lair:1   | Killed a seven-headed hydra
  8786 | Lair:2   | Got a transparent copper amulet
  9461 | Lair:2   | Identified the cursed amulet "Aqiqalev" {Inacc MR+ Dex+4
                  | Stlth-} (You found it on level 2 of the Lair of Beasts)
  9479 | Lair:3   | Noticed a five-headed hydra
  9496 | Lair:2   | Killed a five-headed hydra
  9502 | Lair:2   | Reached skill level 13 in Unarmed Combat
  9570 | Lair:3   | Gained mutation: You regenerate health from kills. [demonic
                  | ancestry]
  9570 | Lair:3   | Reached XP level 12. HP: 92/93 MP: 12/12
  9647 | Lair:3   | Noticed Kirke
  9688 | Lair:3   | Killed Kirke
  9712 | Lair:3   | Noticed a six-headed hydra
  9724 | Lair:3   | Killed a six-headed hydra
  9853 | Lair:3   | Noticed a six-headed hydra
  9864 | Lair:3   | Killed a six-headed hydra
 10149 | Lair:3   | Noticed Sonja
 10150 | Lair:3   | Noticed Sonja
 10150 | Lair:3   | Sonja changed into Sonja the black mamba
 10163 | Lair:3   | Killed Sonja the black mamba
 10434 | Lair:3   | Found a staircase to the Shoals.
 10555 | Lair:1   | Bought the ring of the Evil One {*Contam rC+ rN+ Str+7
                  | Int+6} for 619 gold pieces
 10638 | Lair:4   | Found a runed translucent gate.
 10638 | Lair:4   | Found a runed translucent gate.
 10638 | Lair:4   | Found a runed translucent gate.
 10720 | Lair:4   | Reached skill level 14 in Unarmed Combat
 10832 | Lair:4   | Found a staircase to the Snake Pit.
 10904 | Lair:4   | Noticed a death yak
 10906 | Lair:4   | Noticed a death yak
 10929 | Lair:4   | Killed a death yak
 10940 | Lair:4   | Killed a death yak
 11020 | Lair:4   | Noticed a death yak
 11043 | Lair:4   | Killed a death yak
 11044 | Lair:4   | Gained mutation: You have claws for hands. [demonic
                  | ancestry]
 11044 | Lair:4   | Reached XP level 13. HP: 91/101 MP: 13/13
 11462 | Lair:4   | Noticed yrara's ghost (journeyman DsFi)
 11463 | Lair:4   | Noticed yrara's ghost (journeyman DsFi)
 11463 | Lair:4   | Noticed Winsalot's ghost (journeyman OnCj)
 11463 | Lair:4   | Noticed yrara's ghost (journeyman DsFi)
 11463 | Lair:4   | Noticed yrara's ghost (journeyman DsFi)
 11607 | Lair:4   | Lost mutation: You are weak. (Str -2) [potion of mutation]
 11607 | Lair:4   | Lost mutation: Your natural rate of healing is unusually
                  | fast. [potion of mutation]
 11607 | Lair:4   | Gained mutation: You are clumsy. (Dex -2) [potion of
                  | mutation]
 11607 | Lair:4   | Gained mutation: Your system is resistant to poisons.
                  | (rPois) [potion of mutation]
 11607 | Lair:4   | Gained mutation: Your body sometimes deteriorates upon
                  | taking damage. [potion of mutation]
 11607 | Lair:4   | Lost mutation: You are clumsy. (Dex -2) [potion of
                  | mutation]
 11608 | Lair:4   | Lost mutation: Your body sometimes deteriorates upon taking
                  | damage. [potion of mutation]
 11608 | Lair:4   | Lost mutation: Your system is resistant to poisons. (rPois)
                  | [potion of mutation]
 11608 | Lair:4   | Gained mutation: Your flesh is very cold resistant. (rC++)
                  | [potion of mutation]
 11608 | Lair:4   | Gained mutation: You have very sharp teeth. [potion of
                  | mutation]
 11608 | Lair:4   | Gained mutation: You are robust. (+10% HP) [potion of
                  | mutation]
 11878 | Lair:5   | Reached skill level 15 in Unarmed Combat
 12192 | Lair:5   | Found a viscous altar of Jiyva.
 12193 | Lair:5   | Found a staircase to the Slime Pits.
 12574 | Lair:5   | Reached skill level 16 in Unarmed Combat
 13167 | Lair:6   | Entered Level 6 of the Lair of Beasts
 13564 | Lair:6   | Gained mutation: You are immune to freezing clouds.
                  | [demonic ancestry]
 13564 | Lair:6   | Reached XP level 14. HP: 112/118 MP: 14/14
 13841 | Lair:6   | Reached skill level 17 in Unarmed Combat
 14695 | Lair:6   | Reached skill level 18 in Unarmed Combat
 15029 | Lair:6   | Found a large runed door.
 15029 | Lair:6   | Found a large runed door.
 15636 | D:7      | Bought a potion of heal wounds for 80 gold pieces
 15636 | D:7      | Bought a potion of heal wounds for 80 gold pieces
 15636 | D:7      | Bought a potion of heal wounds for 80 gold pieces
 15636 | D:7      | Bought a potion of heal wounds for 80 gold pieces
 15942 | D:8      | Found an ornate altar of the Wu Jian Council.
 16012 | D:8      | Found a stormy altar of Qazlal.
 16711 | D:9      | Found a basalt altar of Yredelemnul.
 16909 | D:9      | Found a runed translucent gate.
 16909 | D:9      | Found a runed translucent gate.
 16909 | D:9      | Found a runed translucent gate.
 16912 | D:9      | Noticed yrara's ghost (novice DsFi)
 17368 | D:9      | Killed yrara's ghost
 17481 | D:10     | Entered Level 10 of the Dungeon
 17490 | D:10     | Noticed Erica
 17500 | D:10     | Killed Erica
 17510 | D:10     | Found an ornate altar of the Wu Jian Council.
 17924 | D:10     | Got a fine amber ring
 18305 | D:10     | Identified the ring "Merchet" {+Fly Str+2} (You found it on
                  | level 10 of the Dungeon)
 18571 | D:11     | Gained mutation: Your magical and physical power is
                  | slightly enhanced at high health. [demonic ancestry]
 18571 | D:11     | Reached XP level 15. HP: 108/125 MP: 15/15
 18726 | D:11     | Reached skill level 19 in Unarmed Combat
 18890 | D:11     | Found a shimmering altar of Xom.
 18898 | D:11     | Found a shimmering altar of Xom.
 18904 | D:11     | Found a shimmering altar of Xom.
 18905 | D:11     | Found a shimmering altar of Xom.
 19094 | D:11     | Noticed Snorg
 19104 | D:11     | Killed Snorg
 19135 | D:11     | Found a staircase to the Orcish Mines.
 19201 | D:11     | Found a runed translucent door.
 19205 | D:11     | Noticed a mature batsting beast
 19206 | D:11     | Found a gate to the Vaults.
 19424 | D:11     | Noticed Erolcha
 19430 | D:11     | Killed Erolcha
 19693 | Orc      | Entered the Orcish Mines
 19764 | Orc      | Found a burning altar of Makhleb.
 19843 | Orc      | Found a staircase to the Elven Halls.
 19843 | Orc      | Noticed Saint Roka
 19880 | Orc      | Found Acagaps's Magic Scroll Boutique.
 19913 | Orc      | Killed Saint Roka
 20119 | Orc      | Found Jiwkupre's Distillery.
 20187 | Orc      | Reached skill level 20 in Unarmed Combat
 20266 | Orc      | Bought a scroll of acquirement for 936 gold pieces
 20266 | Orc      | Identified the ring of Zyfieg {Ice *Slow rN+++ Int+3 Dex+4}
                  | (You acquired it in the Orcish Mines)
 20488 | Orc      | Noticed Maurice
 20512 | Orc      | Killed Maurice
 20779 | Orc      | Found Ascheodd's Antique Weapon Emporium.
 20779 | Orc      | Found a one-way gate leading to the halls of Pandemonium.
 20783 | Orc      | Found Hacoisoe's Gadget Shoppe.
 20971 | D:12     | Entered Level 12 of the Dungeon
 20996 | D:12     | Found Hosch's Assorted Antiques.
 21010 | D:12     | Bought a heavily runed wooden ring for 135 gold pieces
 21010 | D:12     | Identified the cursed ring of Otuwoz {Fire Slay+3} (You
                  | bought it in a shop on level 12 of the Dungeon)
 21122 | D:12     | Found Tunucine's Jewellery Emporium.
 21327 | D:12     | HP: 5/126 [poisoned by an ogre mage (poison arrow)]
 21327 | D:12     | Slain by a fire crab (glowing shapeshifter)

Skill      XL: |  1  2  3  4  5  6  7  8  9 10 11 12 13 14 15 |
---------------+----------------------------------------------+-----
Maces & Flails | 2 |  2.1
Unarmed Combat | 1 2 4 5 6 8 9 10 11 13 14 16 18 20 | 20.2
Armour         | 3 4 6 7 8 9 |  9.1
Bows           | 1 3 5 6 8 |  8.9
Fighting       | 5 6 8 9 |  9.9
Shields        | |  2.6

Action                   |  1- 3 |  4- 6 |  7- 9 | 10-12 | 13-15 || total
-------------------------+-------+-------+-------+-------+-------++-------
Melee: Flail             |   144 |     4 |       |       |       ||   148
       Punch             |     2 |     4 |    14 |    37 |    97 ||   154
       Unarmed           |       |   184 |   329 |   637 |  1084 ||  2234
       Kick              |       |       |    48 |   251 |   487 ||   786
       Bite              |       |       |       |       |   165 ||   165
 Fire: Shortbow          |       |       |       |    73 |   126 ||   199
       Longbow           |       |       |       |       |    23 ||    23
Invok: Call Merchant     |       |       |       |     3 |     6 ||     9
       Potion Petition   |       |       |       |     1 |       ||     1
Evoke: Wand              |       |       |       |     1 |       ||     1
  Use: Scroll            |     3 |     6 |     9 |     5 |    15 ||    38
       Potion            |       |     2 |       |     2 |     7 ||    11
 Stab: Confused          |       |       |     1 |       |       ||     1
       Distracted        |       |       |     1 |     2 |    12 ||    15
       Petrified         |       |       |       |       |     2 ||     2
       Petrifying        |       |       |       |       |     1 ||     1
  Eat: Chunk             |     6 |    10 |     9 |       |       ||    25
       Ration            |       |       |     1 |     8 |    14 ||    23
Armor: Scale mail        |   112 |    81 |   125 |    32 |       ||   350
       Skin              |       |       |     2 |       |       ||     2
       Plate armour      |       |       |       |   308 |   715 ||  1023
Dodge: Dodged            |   107 |    66 |   143 |   177 |   541 ||  1034
